 Dungeon Crawl Stone Soup version 0.20.1-1-g8b1a95d (webtiles) character file.

377 Jukra the Chopper (level 6, -1/56 HPs)
             Began as a Minotaur Berserker on Sept 4, 2017.
             Was a Priest of Trog.
             Slain by an ogre
             ... wielding a +0 giant club
              (14 damage)
             ... on level 5 of the Dungeon.
             The game lasted 00:11:33 (2687 turns).

Jukra the Chopper (Minotaur Berserker)              Turns: 2687, Time: 00:11:33

Health: -1/56      AC: 11    Str: 22 (24) XL:     6   Next: 45%
Magic:  5/5        EV:  9    Int:  2 (4)  God:    Trog [***...]
Gold:   132        SH:  0    Dex:  7 (9)  Spells: 5/5 levels left

rFire    . . .     SeeInvis .   p - -2 mace (curse)
rCold    . . .     Gourm    .   (no shield)
rNeg     . . .     Faith    .   f - +0 chain mail
rPois    .         Spirit   .   (helmet restricted)
rElec    .         Reflect  .   r - +0 cloak
rCorr    .         Harm     .   (no gloves)
MR       .....                  (no boots)
Stlth    ..........             (no amulet)
Regen    0.2/turn               (no ring)
MPRegen  0.1/turn               (no ring)

@: no status effects
A: retaliatory headbutt, horns 2
a: Berserk, Trog's Hand, Burn Spellbooks, Renounce Religion


You were on level 5 of the Dungeon.
You worshipped Trog.
Trog was most pleased with you.
You were hungry.

You visited 1 branch of the dungeon, and saw 5 of its levels.

You collected 132 gold pieces.

Inventory:

Hand Weapons
 a - a +0 hand axe
 l - a +0 dagger of venom
 o - a +2 mace of crushing
 p - a cursed -2 mace (weapon)
 q - a +4 quarterstaff of chaos
 s - a +1 mace of protection
 t - a +3 mace of protection
 u - a +0 mace of protection
Armour
 b - a +0 animal skin
 f - a +0 chain mail (worn)
 r - a +0 cloak (worn)
 y - a +1 leather armour of positive energy
Wands
 w - a wand of polymorph (13/24)
 x - a wand of acid (11/15)
Scrolls
 d - 2 scrolls of fog {unknown}
 g - a scroll of noise {unknown}
 h - a scroll of teleportation
 i - a scroll of enchant armour {unknown}
 n - 4 scrolls of identify {unknown}
Potions
 e - a potion of degeneration
 m - 3 potions of curing
 v - a potion of heal wounds
Comestibles
 c - 3 bread rations
 j - 2 fruits


   Skills:
 + Level 5.1 Fighting
 + Level 5.7(5.9) Axes
 + Level 1.6(4.0) Maces & Flails
 + Level 4.9 Armour
 + Level 3.1 Dodging
 + Level 0.1 Stealth


You had 5 spell levels left.
You didn't know any spells.

Dungeon Overview and Level Annotations

Branches:
Dungeon (5/15)
 Temple: D:4-7

Altars:
Dithmenos
Makhleb
Nemelex Xobeh
Xom


Innate Abilities, Weirdness & Mutations

You reflexively headbutt those who attack you in melee.
You have a pair of horns on your head.


Message History

You hit the ogre.
The ogre is severely wounded.
The ogre hits you with a giant club!!
* * * LOW HITPOINT WARNING * * *
You are too injured to fight recklessly!
You are too injured to fight recklessly!
You are too injured to fight recklessly!
You are too injured to fight recklessly!
You are too injured to fight recklessly!
You are too injured to fight recklessly!
You are too injured to fight recklessly!
Your chain mail prevents you from hitting the ogre.
Your headbutt misses the ogre.
The ogre is severely wounded.
The ogre barely misses you. You furiously retaliate!
You headbutt the ogre, but do no damage.
You hit the ogre but do no damage. Your headbutt misses the ogre.
The ogre is severely wounded.
The ogre hits you with a giant club!
You die...

...################...
......................
......................
.........<............
...<..................
......................
......................
.######'#.....###'#...
#..O@..#.....#...####
#......#)....#....'..
#......#.....#....#..
#......#.....#....#..
#......#.....#..(####
###+#### #####


You could see an ogre.

Vanquished Creatures
  An orc priest (D:4)
  Crazy Yiuf (D:2)
  3 orc wizards (D:4)
  Jessica (D:2)
  Terence (D:2)
  A worker ant (D:4)
  8 adders
  An ooze (D:2)
  An adder skeleton (D:4)
  A worm (D:2)
  A dart slug (D:1)
  A leopard gecko (D:3)
  13 orcs
  3 giant cockroaches
  8 goblins
  9 hobgoblins
  A quokka (D:2)
  7 bats
  5 frilled lizards
  4 kobolds
  7 rats
  4 fungi (D:2)
82 creatures vanquished.

Notes
Turn   | Place    | Note
-------+----------+-------------------------------------------
     0 | D:1      | Jukra the Minotaur Berserker began the quest for the Orb.
     0 | D:1      | Reached XP level 1. HP: 19/19 MP: 0/0
   239 | D:1      | Reached XP level 2. HP: 20/27 MP: 1/1
   543 | D:2      | Reached XP level 3. HP: 30/33 MP: 2/2
   566 | D:2      | Reached ** piety under Trog
   588 | D:2      | Noticed Terence
   597 | D:2      | Killed Terence
   635 | D:2      | Reached XP level 4. HP: 37/40 MP: 3/3
   745 | D:2      | Found a shadowy altar of Dithmenos.
   752 | D:2      | Noticed Jessica
   759 | D:2      | Killed Jessica
   919 | D:2      | Found a runed door.
   925 | D:2      | Noticed Crazy Yiuf
   934 | D:2      | Killed Crazy Yiuf
   934 | D:2      | Reached skill level 5 in Axes
   934 | D:2      | Reached XP level 5. HP: 38/47 MP: 4/4
  1022 | D:2      | Found a burning altar of Makhleb.
  1350 | D:3      | Found a sparkling altar of Nemelex Xobeh.
  1973 | D:4      | Reached skill level 5 in Fighting
  1973 | D:4      | Reached skill level 1 in Maces & Flails
  2237 | D:4      | Reached XP level 6. HP: 41/56 MP: 5/5
  2273 | D:4      | Reached *** piety under Trog
  2529 | D:4      | Found a shimmering altar of Xom.
  2614 | D:5      | Entered Level 5 of the Dungeon
  2687 | D:5      | Slain by an ogre

Skill      XL: |  1  2  3  4  5 |
---------------+----------------+-----
Axes           | 4 5 |  5.7
Fighting       | 4 5 |  5.1
Armour         | 3 4 |  4.9
Dodging        | 3 |  3.1
Maces & Flails | 1 |  1.6
Stealth        | |  0.1

Action                   |  1- 3 |  4- 6 || total
-------------------------+-------+-------++-------
Melee: Hand axe          |    79 |    92 ||   171
       Headbutt          |    10 |    54 ||    64
       Mace              |       |   126 ||   126
  Use: Scroll            |       |     5 ||     5
       Potion            |       |     5 ||     5
  Eat: Bread ration      |       |     1 ||     1
       Chunk             |       |     1 ||     1
Armor: Animal skin       |     7 |       ||     7
       Chain mail        |    26 |   111 ||   137
Dodge: Dodged            |    42 |    77 ||   119
